 Dungeon Crawl Stone Soup version 0.26-a0-278-g3b0d5afba5 (webtiles) character file.

Game seed: 6915535167152703471

144 CoolPlay the Skirmisher (level 5, 0/46 HPs)
             Began as a Ghoul Fighter on July 12, 2020.
             Was an Initiate of Okawaru.
             Splashed by a jelly's acid (5 damage)
             ... on level 4 of the Dungeon.
             The game lasted 00:01:37 (2010 turns).

CoolPlay the Skirmisher (Ghoul Fighter)             Turns: 2010, Time: 00:01:38

Health: 0/46       AC:  3    Str: 26    XL:     5   Next: 27%
Magic:  4/4        EV:  8    Int:  4    God:    Okawaru [......]
Gold:   212        SH:  9    Dex:  8    Spells: 4/4 levels left

rFire    . . .     SeeInvis .     - Unarmed
rCold    + . .     Faith    .   b - +0 kite shield
rNeg     + + +     Spirit   .   j - +0 plate armour
rPois    ∞         Reflect  .   (no helmet)
rElec    .         Harm     .   (no cloak)
rCorr    .                      (no gloves)
MR       .....                  (no boots)
Stlth    ..........             (no amulet)
HPRegen  0.00/turn              i - +6 ring of strength
MPRegen  0.09/turn              v - +4 ring of evasion

@: corroded
A: rotting body, claws 1, cold resistance 1, negative energy resistance 3,
inhibited regeneration, torment resistance, unbreathing
a: Renounce Religion


You were on level 4 of the Dungeon.
You worshipped Okawaru.
Okawaru was noncommittal.
You visited 2 branches of the dungeon, and saw 5 of its levels.

You collected 212 gold pieces.

Inventory:

Missiles
 l - a throwing net (quivered)
Armour
 a - a +0 scale mail
 b - a +0 kite shield (worn)
 j - a +0 plate armour (worn)
Jewellery
 c - an uncursed ring of fire
 i - a +6 ring of strength (left claw)
 v - a +4 ring of evasion (right claw)
Scrolls
 e - 2 scrolls of enchant armour {unknown}
 g - a scroll of fear {unknown}
 h - 2 scrolls of teleportation {unknown}
 k - a scroll of remove curse {unknown}
 r - a scroll of identify
Potions
 d - 2 potions of might
 f - 2 potions of brilliance
 w - 2 potions of heal wounds


   Skills:
 + Level 4.0 Fighting
 + Level 3.3 Armour
 + Level 3.3 Shields
 * Level 4.0 Unarmed Combat
 + Level 0.6 Invocations


You had 4 spell levels left.
You didn't know any spells.
Your spell library was empty.

Dungeon Overview and Level Annotations

Branches:
Dungeon (4/15)             Temple (1/1) D:4

Altars:
Ashenzari
Cheibriados
Elyvilon
Fedhas
Gozag
Hepliaklqana
Kikubaaqudgha
Makhleb
Nemelex Xobeh
Okawaru
Qazlal
Ru
Sif Muna
Trog
Uskayaw
Vehumet
Xom
Yredelemnul
Zin
The Shining One


Innate Abilities, Weirdness & Mutations

Your body is rotting away.
You thrive by killing the living.
You are immune to poison.
You have sharp fingernails.
Your flesh is cold resistant. (rC+)
You are immune to negative energy. (rN+++)
You do not regenerate when monsters are visible.
You are immune to unholy pain and torment.
You can survive without breathing.


Message History

But you're not safe!
You scratch the hound skeleton.
The hound skeleton bites you but does no damage.
You claw the hound skeleton! You block the hound skeleton's attack.
You scratch the hound skeleton.
The hound skeleton bites you but does no damage.
You block the hound skeleton's attack.
You barely miss the hound skeleton. You block the hound skeleton's attack.
Your shield and plate armour prevent you from hitting the hound skeleton.
The hound skeleton bites you but does no damage.
You scratch the hound skeleton but do no damage.
The hound skeleton bites you but does no damage.
You block the hound skeleton's attack.
You scratch the hound skeleton. The hound skeleton barely misses you.
You scratch the hound skeleton.
The hound skeleton bites you but does no damage.
You scratch the hound skeleton.
You block the hound skeleton's attack. x2
You scratch the hound skeleton.
The hound skeleton bites you but does no damage.
You claw the hound skeleton!
You destroy the hound skeleton!
Okawaru accepts your kill.
An orc comes into view. It is wielding a +0 whip.
But you're not safe! But you're not safe! But you're not safe!
But you're not safe!
An orc comes into view. It is wielding a +0 hand axe.
The orc shouts!
An orc priest comes into view. It is wielding a +0 dagger.
The orc priest shouts!
An orc comes into view.
The orc shouts!
The orc barely misses you.
You scratch the orc. You claw the orc!
You kill the orc!
Okawaru accepts your kill.
You scratch the orc. You block the orc's attack.
The orc priest barely misses you.
You claw the orc!
You kill the orc!
Okawaru accepts your kill.
The orc priest looks braver for a moment.
You scratch the orc priest but do no damage.
The orc priest hits you but does no damage.
The orc hits you but does no damage.
Your plate armour prevents you from hitting the orc priest.
The orc priest hits you but does no damage.
The orc barely misses you.
You scratch the orc priest. You block the orc priest's attack.
The orc barely misses you.
You scratch the orc priest.
The orc priest hits you but does no damage.
You block the orc's attack.
You claw the orc priest! The orc priest closely misses you.
The orc hits you but does no damage.
You closely miss the orc priest.
The orc priest hits you but does no damage.
You block the orc's attack.
You claw the orc priest!
You kill the orc priest!
Okawaru accepts your kill.
Your Fighting skill increases to level 4!
Your Unarmed Combat skill increases to level 4!
You have reached level 5!
You feel stronger. You block the orc's attack. But you're not safe!
Your shield and plate armour prevent you from hitting the orc.
The orc hits you but does no damage.
You closely miss the orc. The orc hits you.
Your shield and plate armour prevent you from hitting the orc.
The orc hits you.
Your shield prevents you from hitting the orc.
The orc hits you.
You barely miss the orc. You block the orc's attack.
You closely miss the orc. The orc hits you.
You closely miss the orc. The orc hits you but does no damage.
Your plate armour prevents you from hitting the orc.
You block the orc's attack.
You claw the orc!
You kill the orc!
Okawaru accepts your kill.
You feel better.
No target in view!
No target in view!
No target in view!
No target in view!
No target in view!
You hear a distant slurping noise.
Found a stone staircase leading up.
Things that are here:
a +0 whip; an orc corpse
Things that are here:
a +0 whip; an orc corpse
Items here: )) [ † a +0 dagger; a +0 ring mail; a +0 hand axe; an orc corpse
Found a stone staircase leading down.
Items here: )) [ † a +0 dagger; a +0 ring mail; a +0 hand axe; an orc corpse
There is a stone staircase leading up here.
You open the door.
There is an open door here.
You open the door.
There is an open door here.
There is an open door here.
There is an open door here.
You open the door.
There is an open door here.
A jelly comes into view.
The jelly quivers.
But you're not safe! But you're not safe! But you're not safe!
Found a stone staircase leading down.
The jelly hits you but does no damage.
Your plate armour prevents you from hitting the jelly.
You block the jelly's attack.
You claw the jelly! The acid corrodes you!
Your claws burn!
The jelly hits you but does no damage.
You scratch the jelly.
Your claws burn!
The jelly hits you but does no damage.
Your shield and plate armour prevent you from hitting the jelly.
The jelly barely misses you.
You scratch the jelly.
Your claws burn!
The jelly hits you but does no damage.
You scratch the jelly but do no damage.
Your claws burn!
The jelly hits you but does no damage.
You scratch the jelly. The acid corrodes you!
Your claws burn!
The jelly hits you.
You are splashed with acid!
You scratch the jelly but do no damage.
Your claws burn!
The jelly hits you.
You are splashed with acid!
* * * LOW HITPOINT WARNING * * *
You block the jelly's attack.
HP warning!
You are too injured to fight recklessly!
You are too injured to fight recklessly!
You are too injured to fight recklessly!
You are too injured to fight recklessly!
You are too injured to fight recklessly!
You are too injured to fight recklessly!
You are too injured to fight recklessly!
You are too injured to fight recklessly!
You are too injured to fight recklessly!
You are too injured to fight recklessly!
You are too injured to fight recklessly!
You are too injured to fight recklessly!
You are too injured to fight recklessly!
You are too injured to fight recklessly!
You scratch the jelly.
Your claws burn!
You die...

.. ## ..##.. .>#.. ....
#..# #...############
..##..J#.....##...#
.......@......#...##
..............#....#
..##..##..##'###'#.#
#..##..##.###..## .
............#....#
................'....#
......###........#....#
....##...##...#..##..######
...#..###..#..#..##..##....


You could see a jelly.

Vanquished Creatures
  An orc priest (D:4)
  A hound skeleton (D:4)
  3 adders (D:2)
  A worm (D:2)
  3 dart slugs
  A leopard gecko (D:1)
  5 orcs (D:4)
  2 ball pythons
  A giant cockroach (D:2)
  7 goblins
  8 hobgoblins
  4 jackals
  5 kobolds
  2 quokkas
  2 bats
  3 frilled lizards
  2 jackal skeletons (D:4)
  4 rats
55 creatures vanquished.

Notes
Turn   | Place    | Note
-------+----------+-------------------------------------------
     0 | D:1      | CoolPlay the Ghoul Fighter began the quest for the Orb.
     0 | D:1      | Reached XP level 1. HP: 19/19 MP: 0/0
   192 | D:1      | Reached XP level 2. HP: 26/26 MP: 1/1
   665 | D:2      | Reached XP level 3. HP: 12/31 MP: 2/2
  1039 | D:2      | Reached XP level 4. HP: 40/40 MP: 3/3
  1121 | D:2      | Found a blossoming altar of Fedhas.
  1349 | D:2      | Found a radiant altar of Vehumet.
  1359 | D:2      | Found a sacrificial altar of Ru.
  1399 | D:2      | Found a shimmering altar of Xom.
  1411 | D:2      | Found a shimmering blue altar of Sif Muna.
  1707 | D:4      | Found a staircase to the Ecumenical Temple.
  1735 | Temple   | Entered the Ecumenical Temple
  1856 | Temple   | Became a worshipper of Warmaster Okawaru
  1904 | D:4      | Reached XP level 5. HP: 46/46 MP: 4/4
  2010 | D:4      | Splashed by a jelly's acid

Illustrated notes

Levels and vault maps discovered:
D:1:      roderic_crossed_star, layout_basic
D:2:      layout_loops_ring, grunt_temple_overflow_cloverleaf, fedhas_altar_1
D:3:      layout_basic
D:4:      layout_gridville, minmay_temple_entry_steel_oval
Temple:   eino_temple_rhombus

Skill      XL: |  1  2  3  4 |
---------------+-------------+-----
Unarmed Combat | 3 4 |  4.0
Armour         | 3 |  3.3
Shields        | 3 |  3.3
Fighting       | 4 |  4.0
Invocations    | |  0.6

Action                   |  1- 3 |  4- 6 || total
-------------------------+-------+-------++-------
Melee: Unarmed           |    99 |    93 ||   192
  Use: Scroll            |     2 |       ||     2
Armor: Scale mail        |    29 |     1 ||    30
       Plate armour      |       |    31 ||    31
Dodge: Dodged            |    26 |    23 ||    49
Block: Kite shield       |    40 |    43 ||    83

Table legend:
 A = Non-vault XP
 B = Vault XP
 C = Vault XP percentage of total XP
 D = Non-vault monster count
 E = Vault monster count
 F = Vault count percentage of total count
                 A         B        C        D         E       F
            +---------+---------+-------+---------+---------+-------
      Total |     207 |       0 |   0.0 |      55 |       0 |   0.0
            +---------+---------+-------+---------+---------+-------
        D:1 |      29 |       0 |   0.0 |      15 |       0 |   0.0
        D:2 |      80 |       0 |   0.0 |      22 |       0 |   0.0
        D:3 |      10 |       0 |   0.0 |       5 |       0 |   0.0
        D:4 |      88 |       0 |   0.0 |      13 |       0 |   0.0
            +---------+---------+-------+---------+---------+-------
